 Dungeon Crawl Stone Soup version 0.26.0-16-gc1dbca0489 (webtiles) character file.

Game seed: 10559555242281475089

67 lessens the Magician (level 4, -3/24 HPs)
             Began as a Tengu Earth Elementalist on Jan 19, 2021.
             Killed by divine providence
             ... invoked by an orc priest
              (9 damage)
             ... on level 3 of the Dungeon.
             The game lasted 00:02:57 (3058 turns).

lessens the Magician (Tengu Earth Elementalist)     Turns: 3058, Time: 00:02:58

Health: -3/24      AC:  3    Str:  8    XL:     4   Next: 16%
Magic:  9/9        EV: 12    Int: 17    God:
Gold:   101        SH:  0    Dex: 14    Spells: 5/9 levels left

rFire    . . .     SeeInvis .   r - +1 mace (protect)
rCold    . . .     Faith    .   (no shield)
rNeg     . . .     Spirit   .   c - +0 robe
rPois    .         Reflect  .   (helmet restricted)
rElec    .         Harm     .   (no cloak)
rCorr    .         Rampage  .   p - +0 pair of gloves
Will     .....                  (boots unavailable)
Stlth    ++........             (no amulet)
HPRegen  0.08/turn              (no ring)
MPRegen  0.11/turn              (no ring)

@: no status effects
A: beak, talons 3
a: no special abilities


You were on level 3 of the Dungeon.
You visited 1 branch of the dungeon, and saw 3 of its levels.

You collected 101 gold pieces.

Inventory:

Hand Weapons
 f - a +0 club
 o - a +0 dagger
 r - a +1 mace of protection (weapon)
 y - a +1 flail of holy wrath
Missiles
 b - 103 stones
 i - 4 boomerangs (quivered)
 k - 26 poisoned darts
Armour
 c - a +0 robe (worn)
 p - a +0 pair of gloves (worn)
Scrolls
 a - a scroll of magic mapping {unknown}
 d - a scroll of immolation {unknown}
 g - 4 scrolls of identify {unknown}
 m - a scroll of noise {unknown}
 q - a scroll of teleportation {unknown}
 s - a scroll of enchant weapon {unknown}
 t - 2 scrolls of remove curse {unknown}
 w - a scroll of fog {unknown}
 x - a scroll of random uselessness {unknown}
Potions
 e - 2 potions of might {unknown}
 h - a potion of brilliance {unknown}
 j - a potion of flight {unknown}
 l - a potion of mutation {unknown}
 n - a potion of haste {unknown}
 u - a potion of curing {unknown}
 v - a potion of heal wounds {unknown}


   Skills:
 - Level 2.1 Dodging
 - Level 2.0 Stealth
 + Level 3.1 Spellcasting
 + Level 1.1 Conjurations
 - Level 0.7 Transmutations
 - Level 2.9 Earth Magic


You had 5 spell levels left.
You knew the following spells:

 Your Spells              Type           Power        Failure   Level
a - Sandblast             Erth           24%          5%          1
b - Stone Arrow           Conj/Erth      18%          22%         3

Your spell library contained the following spells:

 Spells                   Type           Power        Failure   Level
 Passwall                 Tmut/Erth      6%           12%         2
 Petrify                  Tmut/Erth      8%           63%         4
 Lee's Rapid Deconstruct  Erth           6%           82%         5


Dungeon Overview and Level Annotations

Branches:
Dungeon (3/15)

Altars:
Dithmenos


Innate Abilities, Weirdness & Mutations

You have a beak for a mouth.
You have claws for feet.


Message History

A bat comes into view.
The orc hits you but does no damage.
You hit the orc but do no damage. Your kick misses the orc.
The orc is lightly wounded.
The orc hits you but does no damage.
The orc priest calls down the wrath of Beogh upon you.
Beogh smites you!
Things that are here:
a +0 dagger; a scroll labelled REHISI MEXAHO
Things that are here:
a +0 mace; a +0 leather armour; an orc corpse
Things that are here:
a cursed -2 club; a +0 chain mail; an orc corpse The orc priest begins to cast a cantrip, but forgets the words!
The orc priest mumbles some strange prayers to Beogh against you.
Beogh smites you!
* * * LOW HITPOINT WARNING * * *
The orc priest invokes the aid of Beogh against you.
Beogh smites you!
You die...

####### #..).<#
##)##### #....##
#.....# ####..@..#
.......o..#
####......####
#......#.. #
#.####.#.####.#
###.####.#.#....##
.........o........
#.#.####.#J######
...#..).).#


You could see an orc priest, an ooze and an orc.

Vanquished Creatures
  An adder (D:2)
  3 dart slugs (D:1)
  A leopard gecko (D:1)
  4 orcs (D:3)
  A ball python (D:1)
  4 giant cockroaches
  5 goblins
  6 hobgoblins
  5 kobolds
  5 bats
  A frilled lizard (D:2)
  8 rats
44 creatures vanquished.

Notes
Turn   | Place    | Note
-------+----------+-------------------------------------------
     0 | D:1      | lessens the Tengu Earth Elementalist began the quest for
                  | the Orb.
     0 | D:1      | Reached XP level 1. HP: 10/10 MP: 4/4
   552 | D:1      | Reached XP level 2. HP: 9/15 MP: 6/6
  1097 | D:1      | Reached XP level 3. HP: 4/19 MP: 5/7
  1987 | D:2      | Found a shadowy altar of Dithmenos.
  2288 | D:2      | Reached skill level 3 in Spellcasting
  2377 | D:2      | Learned a level 3 spell: Stone Arrow
  2774 | D:3      | Reached XP level 4. HP: 12/24 MP: 7/9
  2968 | D:3      | Reached skill level 1 in Conjurations
  3058 | D:3      | Killed from afar by an orc priest

Illustrated notes

Levels and vault maps discovered:
D:1:      roderic_octagonal_star, layout_basic, minmay_pentomino_x2
D:2:      layout_loops_ring, nicolae_overflow_hidden_temple
D:3:      layout_basic, kennysheep_flooded_box, dk_noncrumbling_3, uniq_ijyb

Skill      XL: |  1  2  3  4 |
---------------+-------------+-----
Spellcasting   | 3 |  3.1
Conjurations   | 1 |  1.1
Dodging        | |  2.1
Stealth        | |  2.0
Transmutations | |  0.7
Earth Magic    | |  2.9

Action                   |  1- 3 |  4- 6 || total
-------------------------+-------+-------++-------
Melee: Club              |    30 |       ||    30
       Kick              |    14 |       ||    14
       Peck              |     5 |       ||     5
       Mace              |    40 |     6 ||    46
Throw: Boomerang         |    37 |       ||    37
 Cast: Sandblast         |    12 |     9 ||    21
 Stab: Sleeping          |     7 |       ||     7
Armor: Robe              |    18 |     2 ||    20
Dodge: Dodged            |    55 |     5 ||    60
